| TOP OF THE 1ST |
|
Elizabethton Twins batting - Pitching for Burlington Royals : RHP Paul Gibbens
|
|
Pitching: RHP Paul Gibbens
|
|
|
Batting: SHB Nadhir Umayr
|
0-0: Ball 1-0: Foul Ball, location: 2F 1-1: Ball 2-1: Foul Ball, location: 2F 2-2: Foul Ball, location: 2F 2-2: Foul Ball, location: 2F 2-2: SINGLE (Flyball, 89S, EV 85.6 MPH)
|
|
Batting: RHB Ryan Starks
|
0-0: Ball Nadhir Umayr steals 2nd base 1-0: Ball 2-0: Foul Ball, location: 2F 2-1: 2-RUN HOME RUN (Flyball, 78XD, EV 101.9 MPH), Distance : 413 ft
|
|
Batting: RHB Josh Harmon
|
0-0: Foul Ball, location: 2F 0-1: Ground out 3-1 (Groundball, 34, EV 85.0 MPH)
|
|
Batting: LHB David Ramos
|
0-0: Ball 1-0: Ball 2-0: Ball 3-0: Called Strike 3-1: Fly out, F7 (Flyball, 7, EV 86.2 MPH)
|
|
Batting: RHB Ratko Macura
|
0-0: Ball 1-0: Foul Ball, location: 9LSF, Error on foul ball, E9 1-1: DOUBLE (Flyball, 8RXD, EV 101.2 MPH)
|
|
Batting: SHB Rodrigo Mendoza
|
0-0: Called Strike 0-1: Ball 1-1: Ball 2-1: Foul Ball, location: 2F 2-2: Ball 3-2: Strikes out swinging
|
| Top of the 1st over - 2 runs, 3 hits, 1 error, 1 left on base; Elizabethton 2 - Burlington 0 |
| BOTTOM OF THE 1ST |
|
Burlington Royals batting - Pitching for Elizabethton Twins : RHP Tony Icamen
|
|
Pitching: RHP Tony Icamen
|
|
|
Batting: RHB Shura Mogilny
|
0-0: Called Strike 0-1: Foul Ball, location: 2F 0-2: Ball 1-2: Fly out, F7 (Line Drive, 7, EV 95.6 MPH)
|
|
Batting: RHB Tim Williams
|
0-0: Swinging Strike 0-1: Ball 1-1: Swinging Strike 1-2: Ground out 5-3 (Groundball, 56, EV 75.6 MPH)
|
|
Batting: SHB Alex Cavazos
|
0-0: Ball 1-0: Ball 2-0: Ball 3-0: Base on Balls
|
|
Batting: RHB Hugo Chavez
|
0-0: Ball 1-0: Ground out 4-3 (Groundball, 34D, EV 93.8 MPH)
|
| Bottom of the 1st over - 0 runs, 0 hits, 0 errors, 1 left on base; Elizabethton 2 - Burlington 0 |
| TOP OF THE 2ND |
|
Elizabethton Twins batting - Pitching for Burlington Royals : RHP Paul Gibbens
|
|
Batting: RHB Jorge Corte
|
0-0: Ball 1-0: Ground out U3 (Groundball, 3, EV 75.6 MPH)
|
|
Batting: LHB Joey Zamora
|
0-0: Ball 1-0: Ball 2-0: Ball 3-0: Base on Balls
|
|
Batting: LHB Raul Aldaz
|
0-0: Ball 1-0: Ball 2-0: Swinging Strike 2-1: Foul Ball, location: 2F 2-2: Strikes out swinging
|
|
Batting: SHB Nadhir Umayr
|
0-0: Ball 1-0: Swinging Strike 1-1: Fly out, F7 (Flyball, 7D, EV 90.6 MPH)
|
| Top of the 2nd over - 0 runs, 0 hits, 0 errors, 1 left on base; Elizabethton 2 - Burlington 0 |
| BOTTOM OF THE 2ND |
|
Burlington Royals batting - Pitching for Elizabethton Twins : RHP Tony Icamen
|
|
Batting: RHB Masakuni Takeuchi
|
0-0: Foul Ball, location: 2F 0-1: Ball 1-1: Swinging Strike 1-2: Ground out 5-3 (Groundball, 5, EV 87.5 MPH)
|
|
Batting: LHB Jayden Pelayo
|
0-0: Ball 1-0: Ball 2-0: Ball 3-0: Called Strike 3-1: Base on Balls
|
|
Batting: RHB Jason Conner
|
0-0: Foul Ball, location: 2F 0-1: Called Strike 0-2: Grounds into double play, 4-6-3 (Groundball, 4M, EV 80.0 MPH)
|
| Bottom of the 2nd over - 0 runs, 0 hits, 0 errors, 0 left on base; Elizabethton 2 - Burlington 0 |
| TOP OF THE 3RD |
|
Elizabethton Twins batting - Pitching for Burlington Royals : RHP Paul Gibbens
|
|
Batting: RHB Ryan Starks
|
0-0: Ball 1-0: Called Strike 1-1: SINGLE (Flyball, 3D, EV 91.9 MPH)
|
|
Batting: RHB Josh Harmon
|
0-0: Ball 1-0: Fly out, F7 (Flyball, 7, EV 86.9 MPH)
|
|
Batting: LHB David Ramos
|
0-0: Called Strike 0-1: Swinging Strike 0-2: 2-RUN HOME RUN (Flyball, 7LD, EV 93.1 MPH), Distance : 350 ft
|
|
Batting: RHB Ratko Macura
|
0-0: Swinging Strike 0-1: Foul Ball, location: 2F 0-2: Ball 1-2: Ball 2-2: Foul Ball, location: 2F 2-2: Ball 3-2: Foul Ball, location: 2F 3-2: Fly out, F8 (Flyball, 8RM, EV 81.9 MPH)
|
|
Batting: SHB Rodrigo Mendoza
|
0-0: Called Strike 0-1: SINGLE (Line Drive, 56D, EV 96.9 MPH)
|
|
Batting: RHB Jorge Corte
|
0-0: Ball Wild Pitch! Rodrigo Mendoza to second 1-0: Foul Ball, location: 2F 1-1: Foul Ball, location: 2F 1-2: Ball 2-2: Ball 3-2: Foul Ball, location: 2F 3-2: Strikes out swinging
|
| Top of the 3rd over - 2 runs, 3 hits, 0 errors, 1 left on base; Elizabethton 4 - Burlington 0 |
| BOTTOM OF THE 3RD |
|
Burlington Royals batting - Pitching for Elizabethton Twins : RHP Tony Icamen
|
|
Batting: RHB David Rubio
|
0-0: Called Strike 0-1: Called Strike 0-2: Ball 1-2: Ball 2-2: Strikes out swinging, 2-3 out at first.
|
|
Batting: RHB Juan Nieves
|
0-0: Ball 1-0: Ball 2-0: Called Strike 2-1: Fly out, F4 (Popup, 3S, EV 82.5 MPH)
|
|
Batting: RHB Shura Mogilny
|
0-0: Ball 1-0: Ball 2-0: Swinging Strike 2-1: Reached on error, E5 (Groundball, 56S, EV 83.8 MPH)
|
|
Batting: RHB Tim Williams
|
0-0: Ball 1-0: Foul Ball, location: 2F 1-1: Ball Shura Mogilny is caught stealing 2nd base 2-4
|
| Bottom of the 3rd over - 0 runs, 0 hits, 1 error, 0 left on base; Elizabethton 4 - Burlington 0 |
| TOP OF THE 4TH |
|
Elizabethton Twins batting - Pitching for Burlington Royals : RHP Paul Gibbens
|
|
Batting: LHB Joey Zamora
|
0-0: Called Strike 0-1: Ball 1-1: Ball 2-1: Hit by Pitch
|
|
Batting: LHB Raul Aldaz
|
0-0: Ball Wild Pitch! Joey Zamora to second 1-0: Swinging Strike 1-1: Ball 2-1: Reached on error, E6 (Groundball, 6, EV 81.2 MPH) Joey Zamora to third
|
|
Batting: SHB Nadhir Umayr
|
0-0: Ball Raul Aldaz steals 2nd base 1-0: Called Strike 1-1: Ball 2-1: Called Strike 2-2: Ball 3-2: Ground out U3 (Groundball, 3, EV 82.5 MPH)
|
|
Batting: RHB Ryan Starks
|
0-0: Ball 1-0: SINGLE (Groundball, 6D, EV 96.9 MPH) Joey Zamora scores Raul Aldaz to third Runner from 3rd tries for Home, SAFE, throw by CF to home
|
|
Batting: RHB Josh Harmon
|
0-0: Ball 1-0: Ball 2-0: Ball 3-0: Base on Balls Ryan Starks to second
|
|
Batting: LHB David Ramos
|
0-0: Called Strike 0-1: Ball 1-1: SINGLE (Groundball, 34D, EV 93.8 MPH) Ryan Starks to third Josh Harmon to second
|
|
Batting: RHB Ratko Macura
|
0-0: Ball 1-0: Foul Ball, location: 2F 1-1: Foul Ball, location: 2F 1-2: Strikes out swinging
|
|
Batting: SHB Rodrigo Mendoza
|
0-0: Called Strike 0-1: SINGLE (Line Drive, 7LM, EV 108.8 MPH) Ryan Starks scores Josh Harmon to third David Ramos to second Runner from 3rd tries for Home, SAFE, throw by LF to home
|
|
Pitching: LHP Brett Reed
|
|
|
Batting: RHB Jorge Corte
|
0-0: Ball Passed Ball! David Ramos to third Rodrigo Mendoza to second 1-0: Ball 2-0: Ball 3-0: Base on Balls
|
|
Batting: LHB Joey Zamora
|
0-0: Called Strike 0-1: Swinging Strike 0-2: Strikes out looking
|
| Top of the 4th over - 4 runs, 3 hits, 1 error, 3 left on base; Elizabethton 8 - Burlington 0 |
| BOTTOM OF THE 4TH |
|
Burlington Royals batting - Pitching for Elizabethton Twins : RHP Tony Icamen
|
|
Batting: RHB Tim Williams
|
0-0: Ball 1-0: Ball 2-0: Swinging Strike 2-1: Ball 3-1: Base on Balls
|
|
Batting: SHB Alex Cavazos
|
0-0: Swinging Strike 0-1: Called Strike 0-2: Ball 1-2: Ball 2-2: Strikes out swinging
|
|
Batting: RHB Hugo Chavez
|
0-0: Ball 1-0: Grounds into double play, 6-4-3 (Groundball, 6, EV 87.5 MPH)
|
| Bottom of the 4th over - 0 runs, 0 hits, 0 errors, 0 left on base; Elizabethton 8 - Burlington 0 |
| TOP OF THE 5TH |
|
Elizabethton Twins batting - Pitching for Burlington Royals : LHP Brett Reed
|
|
Batting: LHB Raul Aldaz
|
0-0: Ball 1-0: Called Strike 1-1: Foul Ball, location: 2F 1-2: Strikes out swinging
|
|
Batting: SHB Nadhir Umayr
|
0-0: Ball 1-0: Foul Ball, location: 2F 1-1: Hit by Pitch
|
|
Batting: RHB Ryan Starks
|
0-0: Ball 1-0: Fly out, F4 (Popup, 34S, EV 76.2 MPH)
|
|
Batting: RHB Josh Harmon
|
0-0: Called Strike Nadhir Umayr steals 2nd base 0-1: Ball 1-1: Ball 2-1: Ball 3-1: Base on Balls
|
|
Batting: LHB David Ramos
|
0-0: Ball 1-0: Foul Ball, location: 2F 1-1: Ball 2-1: Ball 3-1: Called Strike 3-2: Foul Ball, location: 2F 3-2: Foul Ball, location: 2F 3-2: Base on Balls Nadhir Umayr to third Josh Harmon to second
|
|
Batting: RHB Ratko Macura
|
0-0: Called Strike 0-1: Ground out 4-3 (Groundball, 4, EV 86.9 MPH)
|
| Top of the 5th over - 0 runs, 0 hits, 0 errors, 3 left on base; Elizabethton 8 - Burlington 0 |
| BOTTOM OF THE 5TH |
|
Burlington Royals batting - Pitching for Elizabethton Twins : RHP Tony Icamen
|
|
Batting: RHB Masakuni Takeuchi
|
0-0: Called Strike 0-1: Ball 1-1: Swinging Strike 1-2: Ball 2-2: Ball 3-2: Base on Balls
|
|
Batting: LHB Jayden Pelayo
|
0-0: Swinging Strike 0-1: Swinging Strike 0-2: Strikes out swinging
|
|
Batting: RHB Jason Conner
|
0-0: Foul Ball, location: 2F 0-1: Fly out, F7 (Flyball, 7S, EV 90.6 MPH)
|
|
Batting: RHB David Rubio
|
0-0: Called Strike 0-1: Ball 1-1: Foul Ball, location: 2F 1-2: Foul Ball, location: 2F 1-2: Ball 2-2: Strikes out swinging
|
| Bottom of the 5th over - 0 runs, 0 hits, 0 errors, 1 left on base; Elizabethton 8 - Burlington 0 |
| TOP OF THE 6TH |
|
Elizabethton Twins batting - Pitching for Burlington Royals : LHP Brett Reed
|
|
Batting: SHB Rodrigo Mendoza
|
0-0: Ball 1-0: Ball 2-0: Ball 3-0: Base on Balls
|
|
Batting: RHB Jorge Corte
|
0-0: Ball 1-0: Called Strike 1-1: Ball 2-1: Called Strike 2-2: Strikes out looking
|
|
Batting: LHB Joey Zamora
|
0-0: Foul Ball, location: 2F 0-1: Swinging Strike 0-2: Ball 1-2: Ball 2-2: Strikes out swinging
|
|
Batting: LHB Raul Aldaz
|
0-0: Foul Ball, location: 2F 0-1: Ball 1-1: Ball 2-1: Foul Ball, location: 2F 2-2: Strikes out swinging
|
| Top of the 6th over - 0 runs, 0 hits, 0 errors, 1 left on base; Elizabethton 8 - Burlington 0 |
| BOTTOM OF THE 6TH |
|
Burlington Royals batting - Pitching for Elizabethton Twins : RHP Tony Icamen
|
|
Batting: RHB Juan Nieves
|
0-0: Called Strike 0-1: Ball 1-1: Foul Ball, location: 2F 1-2: Ball 2-2: Ground out 6-3 (Groundball, 6, EV 91.9 MPH)
|
|
Batting: RHB Shura Mogilny
|
0-0: Swinging Strike 0-1: Swinging Strike 0-2: Ball 1-2: Strikes out swinging
|
|
Batting: RHB Tim Williams
|
0-0: Ball 1-0: SOLO HOME RUN (Flyball, 7LD, EV 96.9 MPH), Distance : 336 ft
|
|
Batting: SHB Alex Cavazos
|
0-0: Called Strike 0-1: SOLO HOME RUN (Flyball, 9D, EV 95.0 MPH), Distance : 374 ft
|
|
Batting: RHB Hugo Chavez
|
0-0: Called Strike 0-1: Ball 1-1: Ground out 6-3 (Groundball, 6S, EV 81.9 MPH)
|
| Bottom of the 6th over - 2 runs, 2 hits, 0 errors, 0 left on base; Elizabethton 8 - Burlington 2 |
| TOP OF THE 7TH |
|
Elizabethton Twins batting - Pitching for Burlington Royals : LHP Brett Reed
|
|
Pitching: RHP Ryan Robbins
|
|
|
Batting: SHB Nadhir Umayr
|
0-0: Ball 1-0: Foul Ball, location: 2F 1-1: Fly out, F9 (Flyball, 9S, EV 83.8 MPH)
|
|
Batting: RHB Ryan Starks
|
0-0: Called Strike 0-1: Ball 1-1: Fly out, F6 (Line Drive, 6M, EV 68.1 MPH)
|
|
Batting: RHB Josh Harmon
|
0-0: Called Strike 0-1: Foul Ball, location: 2F 0-2: SOLO HOME RUN (Flyball, 9D, EV 96.2 MPH), Distance : 379 ft
|
|
Batting: LHB David Ramos
|
0-0: Foul Ball, location: 2F 0-1: Ball 1-1: Foul Ball, location: 2F 1-2: Ball 2-2: Fly out, F6 (Line Drive, 6MD, EV 69.4 MPH)
|
| Top of the 7th over - 1 run, 1 hit, 0 errors, 0 left on base; Elizabethton 9 - Burlington 2 |
| BOTTOM OF THE 7TH |
|
Burlington Royals batting - Pitching for Elizabethton Twins : RHP Tony Icamen
|
|
Batting: RHB Masakuni Takeuchi
|
0-0: DOUBLE (Flyball, 8LD, EV 92.5 MPH)
|
|
Batting: LHB Jayden Pelayo
|
0-0: Called Strike 0-1: Foul Ball, location: 2F 0-2: Foul Ball, location: 2F 0-2: Ground out 4-3 (Groundball, 4, EV 80.6 MPH) Masakuni Takeuchi to third
|
|
Batting: RHB Jason Conner
|
0-0: Ground out 6-3 (Groundball, 6, EV 104.4 MPH) Masakuni Takeuchi scores
|
|
Batting: RHB David Rubio
|
0-0: Ball 1-0: Called Strike 1-1: Foul Ball, location: 2F 1-2: Strikes out swinging
|
| Bottom of the 7th over - 1 run, 1 hit, 0 errors, 0 left on base; Elizabethton 9 - Burlington 3 |
| TOP OF THE 8TH |
|
Elizabethton Twins batting - Pitching for Burlington Royals : RHP Ryan Robbins
|
|
Batting: RHB Ratko Macura
|
0-0: Reached on error, E3 (Groundball, 3L, EV 78.8 MPH)
|
|
Batting: SHB Rodrigo Mendoza
|
0-0: Called Strike 0-1: Ball 1-1: Called Strike 1-2: Foul Ball, location: 2F 1-2: Ball 2-2: DOUBLE (Line Drive, 7LM, EV 104.4 MPH) Ratko Macura to third Runner from 3rd tries for Home, throw by LF and OUT! 7-6-2 Rodrigo Mendoza to third
|
|
Batting: RHB Jorge Corte
|
0-0: Swinging Strike 0-1: Swinging Strike 0-2: Ball 1-2: Foul Ball, location: 2F 1-2: Ball 2-2: Foul Ball, location: 2F 2-2: Ball 3-2: Foul Ball, location: 2F 3-2: Base on Balls
|
|
Batting: LHB Joey Zamora
|
0-0: Called Strike 0-1: Called Strike 0-2: Strikes out swinging
|
|
Batting: LHB Raul Aldaz
|
0-0: Ball 1-0: Ball 2-0: Swinging Strike 2-1: Swinging Strike 2-2: Ball 3-2: Ground out 6-3 (Groundball, 6, EV 107.5 MPH)
|
| Top of the 8th over - 0 runs, 1 hit, 1 error, 2 left on base; Elizabethton 9 - Burlington 3 |
| BOTTOM OF THE 8TH |
|
Burlington Royals batting - Pitching for Elizabethton Twins : RHP Tony Icamen
|
|
Pitching: RHP Takeru Inoue
|
|
|
Batting: RHB Juan Nieves
|
0-0: Called Strike 0-1: Ball 1-1: Swinging Strike 1-2: Ball 2-2: Ball 3-2: Base on Balls
|
|
Batting: RHB Shura Mogilny
|
0-0: 2-RUN HOME RUN (Line Drive, 7D, EV 104.4 MPH), Distance : 393 ft
|
|
Batting: RHB Tim Williams
|
0-0: Swinging Strike 0-1: Called Strike 0-2: Ball 1-2: Ball 2-2: Ball 3-2: Foul Ball, location: 2F 3-2: Base on Balls
|
|
Batting: SHB Alex Cavazos
|
0-0: Ball 1-0: Foul Ball, location: 2F 1-1: Ball 2-1: SINGLE (Groundball, 4MD, EV 105.0 MPH) Tim Williams to second Runner from 2nd tries for 3rd, OUT after rundown.
|
|
Batting: RHB Hugo Chavez
|
0-0: Ball 1-0: Swinging Strike 1-1: SINGLE (Line Drive, 56, EV 95.6 MPH) Alex Cavazos to second
|
|
Batting: RHB Masakuni Takeuchi
|
0-0: Called Strike 0-1: Swinging Strike 0-2: Ball 1-2: Ball 2-2: Ball 3-2: Foul Ball, location: 2F 3-2: Foul Ball, location: 2F 3-2: SINGLE (Groundball, 4M, EV 96.9 MPH) Alex Cavazos to third Hugo Chavez to second
|
|
Batting: LHB Jayden Pelayo
|
0-0: Called Strike 0-1: Swinging Strike 0-2: Strikes out swinging
|
|
Batting: RHB Jason Conner
|
0-0: Swinging Strike 0-1: Ball 1-1: Foul Ball, location: 2F 1-2: Ball 2-2: Ball 3-2: Foul Ball, location: 2F 3-2: Foul Ball, location: 2F 3-2: Foul Ball, location: 2F 3-2: Fly out, F7 (Flyball, 78M, EV 90.6 MPH)
|
| Bottom of the 8th over - 2 runs, 4 hits, 0 errors, 3 left on base; Elizabethton 9 - Burlington 5 |
| TOP OF THE 9TH |
|
Elizabethton Twins batting - Pitching for Burlington Royals : RHP Ryan Robbins
|
|
Pitching: RHP Chance Griffin
|
|
|
Batting: SHB Nadhir Umayr
|
0-0: Called Strike 0-1: Ball 1-1: Ball 2-1: Foul Ball, location: 2F 2-2: Ball 3-2: Ground out 4-3 (Groundball, 4, EV 83.1 MPH)
|
|
Batting: RHB Ryan Starks
|
0-0: Ball 1-0: Reached on error, E4 (Groundball, 4, EV 86.9 MPH)
|
|
Batting: RHB Josh Harmon
|
0-0: Foul Ball, location: 2F 0-1: Ball 1-1: Foul Ball, location: 2F 1-2: Ball 2-2: Strikes out looking
|
|
Batting: LHB David Ramos
|
0-0: Ball 1-0: SINGLE (Flyball, 6D, EV 89.4 MPH) Ryan Starks to second
|
|
Batting: RHB Ratko Macura
|
0-0: Ball 1-0: Foul Ball, location: 2F 1-1: Called Strike 1-2: Foul Ball, location: 2F 1-2: Foul Ball, location: 2F 1-2: Ball 2-2: Foul Ball, location: 2F 2-2: Ball 3-2: Foul Ball, location: 2F 3-2: Strikes out swinging
|
| Top of the 9th over - 0 runs, 1 hit, 1 error, 2 left on base; Elizabethton 9 - Burlington 5 |
| BOTTOM OF THE 9TH |
|
Burlington Royals batting - Pitching for Elizabethton Twins : RHP Takeru Inoue
|
|
Pitching: LHP Adam Devine
|
|
|
Now at 2B: Ed Mosqueda
|
|
|
Now in LF: Raul Aldaz
|
|
|
Now in CF: Nestor Moreno
|
|
|
Batting: RHB David Rubio
|
0-0: Called Strike 0-1: Called Strike 0-2: Strikes out swinging
|
|
Batting: RHB Juan Nieves
|
0-0: Foul Ball, location: 2F 0-1: Ball 1-1: Called Strike 1-2: Ball 2-2: Strikes out looking
|
|
Batting: RHB Shura Mogilny
|
0-0: Ball 1-0: SINGLE (Groundball, 6MD, EV 108.1 MPH) (infield hit)
|
|
Batting: RHB Tim Williams
|
0-0: Ball 1-0: Called Strike 1-1: Foul Ball, location: 2F 1-2: Ball 2-2: Strikes out swinging
|
| Bottom of the 9th over - 0 runs, 1 hit, 0 errors, 1 left on base; Elizabethton 9 - Burlington 5 |
|